 Dungeon Crawl Stone Soup version 0.31-a0-1074-g0b22e4e0f1 (webtiles) character file.

Game seed: 10774925017936430794

318 Curundu the Trooper (level 6, -3/52 (55) HPs)
             Began as a Draconian Berserker on Dec 8, 2023.
             Was a Believer of Trog.
             Slain by a gnoll
             ... wielding a +0 halberd
              (7 damage)
             ... on level 3 of the Dungeon.
             The game lasted 00:16:23 (2750 turns).

Curundu the Trooper (Draconian Berserker)           Turns: 2750, Time: 00:16:24

HP:   -3/52 (55)    AC:  6    Str: 20    XL:     6   Next: 21%
MP:   6/6           EV: 13    Int: 13    God:    Trog [**....]
Gold: 82            SH:  0    Dex: 12    Spells: 5/5 levels left

rFire   . . .        a - +0 hand axe
rCold   . . .        (no shield)
rNeg    . . .        (body armour unavailable)
rPois   .            (helmet restricted)
rElec   .            (no cloak)
rCorr   .            (no gloves)
SInv    .            (no boots)
Will    ++...        (no amulet)
Stlth   +            e - +6 ring of intelligence
HPRegen 1.28/turn    (no ring)
MPRegen 0.10/turn

%: no passive effects
@: strong-willed, regenerating, drained
A: AC +6, unfitting armour, cold-blooded
a: Renounce Religion, Berserk, Trog's Hand


You were on level 3 of the Dungeon.
You worshipped Trog.
Trog was pleased with you.
You visited 1 branch of the dungeon, and saw 3 of its levels.

You collected 82 gold pieces.

Inventory:

Hand Weapons
 a - a +0 hand axe (weapon)
Missiles
 f - 3 javelins
Jewellery
 e - a +6 ring of intelligence (left hand)
 g - a ring of positive energy
Wands
 i - a wand of flame (12)
Scrolls
 b - a scroll of identify {unknown}
 d - a scroll of immolation {unknown}
Potions
 c - a potion of curing {unknown}
 h - a potion of lignification {unknown}
 j - a potion of enlightenment {unknown}
 k - a potion of invisibility {unknown}
 l - 2 potions of heal wounds {unknown}
 m - a potion of attraction {unknown}


   Skills:
 + Level 4.8 Fighting
 + Level 4.6 Axes
 + Level 4.2 Dodging
 + Level 0.6 Stealth
 + Level 1.2 Evocations


You had 5 spell levels left.
You didn't know any spells.
Your spell library was empty.

Dungeon Overview and Level Annotations

Branches:
Dungeon (3/15)

Altars:
Trog

Shops:
D:1 !


Innate Abilities, Weirdness & Mutations

Your plain brown scales are hard. (AC +6)
You cannot fit into any form of body armour.
You are cold-blooded and may be slowed by cold attacks.


Message History

Activating: Trog's Hand (1% risk of failure)
Press: ? - help, Q - select action, (/) - cycle Dir - look around, f - activate Your skin crawls.
You feel strong-willed. The gnoll barely misses you. x2
You hit the gnoll but do no damage. The gnoll hits you with a +0 whip.
The gnoll barely misses you.
You hit the gnoll.
The gnoll is moderately wounded.
The gnoll barely misses you. x2
You hit the gnoll.
The gnoll is severely wounded.
The gnoll closely misses you. x2
You hit the gnoll.
The gnoll is severely wounded.
The gnoll closely misses you. The gnoll barely misses you.
You hit the gnoll but do no damage.
The gnoll is severely wounded.
The gnoll closely misses you.
An orc comes into view. It is wielding a +0 club.
The gnoll barely misses you.
The orc shouts!
You hit the gnoll.
You kill the gnoll!
Trog accepts your kill.
You hear a shout!
An orc comes into view.
It is wielding a +0 falchion of freezing.
The gnoll barely misses you.
You barely miss the gnoll.
The orc shouts!
Your tail-slap misses the gnoll.
The gnoll misses you.
An orc comes into view. It is wielding a +0 mace.
The gnoll hits you from afar with a +0 halberd!
* * * LOW HITPOINT WARNING * * *
You hit the gnoll. You tail-slap the gnoll.
The gnoll is severely wounded.
The gnoll hits you with a +0 flail!
* * * LOW HITPOINT WARNING * * *
The gnoll hits you from afar with a +0 halberd!
You die...

##### ####....
#############.>.....
#####.............##....
##########.....##############....
..#........##### #############
#.#.......####### #.......#
#.#.............#####.......##
..#.......#####.@gg##....g....
.>..............##oo.........>
##).............##.#).o.......
#...#########.....##.........
#...#.......#..#####....<....
#.).#....)..#..# #)........
#...#.##.##.#..# #.........
#...#.##.##.#..# #........o
#...#.##.##.#..# ########o.


You could see 2 gnolls and 3 orcs.

Vanquished Creatures
  The ghost of ranchalot the Insei, an amateur OpSh (D:3)
  A bullfrog (D:3)
  An orc priest (D:3)
  4 gnolls
  5 adders
  7 orcs (D:3)
  5 bats
  2 endoplasms
  A giant cockroach (D:2)
  3 goblins
  6 hobgoblins
  2 jackals (D:2)
  6 quokkas
  10 ball pythons
  6 frilled lizards
  5 kobolds
  3 rats (D:2)
68 creatures vanquished.

Notes
Turn   | Place    | Note
-------+----------+-------------------------------------------
     0 | D:1      | Curundu the Draconian Berserker began the quest for the
                  | Orb.
     0 | D:1      | Reached XP level 1. HP: 19/19 MP: 1/1
   203 | D:1      | Reached XP level 2. HP: 26/26 MP: 2/2
   642 | D:1      | Found Atigu's Distillery.
   868 | D:2      | Reached XP level 3. HP: 24/33 MP: 3/3
   944 | D:2      | Found a faded altar of an unknown god.
  1158 | D:2      | Found a bloodstained altar of Trog.
  1277 | D:2      | Reached XP level 4. HP: 25/41 MP: 4/4
  1472 | D:2      | Reached ** piety under Trog
  2214 | D:3      | Reached XP level 5. HP: 38/47 MP: 5/5
  2294 | D:3      | Found a runed translucent gate.
  2295 | D:3      | Found a runed translucent gate.
  2297 | D:3      | Found a runed translucent gate.
  2298 | D:3      | Noticed ranchalot's ghost (amateur OpSh)
  2409 | D:3      | Killed ranchalot's ghost
  2410 | D:3      | Reached skill level 1 in Evocations
  2410 | D:3      | Reached XP level 6. HP: 9/52 MP: 6/6
  2750 | D:3      | Slain by a gnoll

Illustrated notes

Levels and vault maps discovered:
D:1:      scummos_arrival_star, layout_basic, serial_shops, shop
D:2:      layout_loops_corners, basic_altar, ebering_ecumenical_altar_petrified
D:3:      layout_rooms, gammafunk_ghost_split

Skill      XL: |  1  2  3  4  5 |
---------------+----------------+-----
Dodging        | 3 4 |  4.2
Fighting       | 4 |  4.8
Axes           | 4 |  4.6
Evocations     | 1 |  1.2
Stealth        | |  0.6

Action                     |  1- 3 |  4- 6 || total
---------------------------+-------+-------++-------
  Melee: Hand axe          |   103 |   135 ||   238
         Tailslap          |    14 |    14 ||    28
  Throw: Javelin           |     2 |     1 ||     3
 Invoke: Trog's Hand       |       |     2 ||     2
  Evoke: Wand              |       |     6 ||     6
 Armour: Skin              |    67 |    88 ||   155
  Dodge: Dodged            |    74 |   112 ||   186

Table legend: (Time is in decaauts)
 A = Elapsed time spent in this place.
 B = Non-inter-level travel time spent in this place.
 C = Inter-level travel time spent in this place.
 D = Time resting spent in this place.
 E = Time spent auto-exploring this place.
 F = Levels seen in this place.
 G = Mean time per level.
                   A        B        C        D        E       F      G
               +--------+--------+--------+--------+--------+-----+--------+
         Total |   2777 |   2777 |      0 |    502 |      0 |   3 |  925.7 |
       Dungeon |   2777 |   2777 |      0 |    502 |      0 |   3 |  925.7 |
               +--------+--------+--------+--------+--------+-----+--------+

Top non-repeatable levels by time:
     D:2: 1314 daAuts
     D:1: 854 daAuts
     D:3: 608 daAuts
